 Dungeon Crawl Stone Soup version 0.27-a0-860-gaf99fae3ca (webtiles) character file.

Game seed: 4934571391296875954

107 robertstho the Sneak (level 4, -1/45 HPs)
             Began as a Troll Delver on Apr 1, 2021.
             Slain by a gnoll
             ... wielding a +2 spear
              (6 damage)
             ... on level 5 of the Dungeon.
             The game lasted 00:00:35 (241 turns).

robertstho the Sneak (Troll Delver)                  Turns: 241, Time: 00:00:35

Health: -1/45      AC:  4    Str: 21    XL:     4   Next: 56%
Magic:  3/3        EV: 10    Int:  6    God:
Gold:   19         SH:  0    Dex: 11    Spells: 3/3 levels left

rFire    . . .     SeeInvis .     - Unarmed
rCold    . . .     Faith    .   (no shield)
rNeg     . . .     Spirit   .   a - +0 robe
rPois    .         Reflect  .   (helmet restricted)
rElec    .         Harm     .   (no cloak)
rCorr    .         Rampage  .   (gloves unavailable)
Will     .....                  (boots unavailable)
Stlth    ++........             (no amulet)
HPRegen  1.15/turn              (no ring)
MPRegen  0.08/turn              (no ring)

@: no status effects
A: large, unfitting armour, claws 3, regeneration 1, shaggy fur 1, tough skin 1
a: no special abilities


You were on level 5 of the Dungeon.
You visited 1 branch of the dungeon, and saw 1 of its levels.

You collected 19 gold pieces.

Inventory:

Armour
 a - a +0 robe (worn)
Wands
 f - a wand of digging (3)
Scrolls
 b - a scroll of fog
 c - a scroll of magic mapping
 d - a scroll of fear
 h - a scroll of identify {unknown}
Potions
 e - 2 potions of haste
 g - a potion of might {unknown}


   Skills:
 * Level 3.1 Fighting
 + Level 1.7 Dodging
 + Level 3.5 Stealth
 + Level 2.4 Unarmed Combat


You had 3 spell levels left.
You didn't know any spells.
Your spell library was empty.

Dungeon Overview and Level Annotations

Branches:
Dungeon (5/15)
 Temple: D:4-7

Altars:


Innate Abilities, Weirdness & Mutations

You are too large for most types of armour.
You have claws for hands.
Your natural rate of healing is unusually fast.
You are covered in fur. (AC +1)
You have tough skin. (AC +1)


Message History

The gnoll shouts!
There is an open door here.
The gnoll shaman hits you with a +0 club.
There is an open door here.
The gnoll shouts! x2
You scratch the gnoll shaman but do no damage.
The gnoll shaman invokes the aid of its god against you.
You resist with some effort.
You scratch the gnoll shaman.
The gnoll shaman is moderately wounded.
The gnoll shaman hits you with a +0 club!
You barely miss the gnoll shaman.
The gnoll shaman is moderately wounded.
The gnoll shaman invokes the aid of its god against you.
You resist with some effort.
You claw the gnoll shaman!
The gnoll shaman is heavily wounded.
The gnoll shaman hits you with a +0 club.
You claw the gnoll shaman!
You kill the gnoll shaman!
The gnoll hits you but does no damage.
The gnoll hits you from afar with a +2 spear.
Things that are here:
a +0 club; a +0 robe You closely miss the gnoll.
The gnoll barely misses you.
The gnoll hits you from afar with a +2 spear.
You closely miss the gnoll. The gnoll hits you with a +0 whip.
The gnoll hits you from afar with a +2 spear!
* * * LOW HITPOINT WARNING * * *
You scratch the gnoll.
The gnoll is moderately wounded.
The gnoll barely misses you.
The gnoll hits you from afar with a +2 spear.
* * * LOW HITPOINT WARNING * * *
You barely miss the gnoll.
The gnoll is moderately wounded.
The gnoll hits you with a +0 whip.
* * * LOW HITPOINT WARNING * * *
The gnoll hits you from afar with a +2 spear.
You die... ##.## ..... ##...# .... #... gg#

#. #g# #. #@# #.# ##'##
#.# ##...## #.###
##.....## ###.#.###
##.......#
#.......###.........#
#.#.)))...'.........'..
#.....).###.........###
#...#.#.# ##.......##


You could see 3 gnolls.

Vanquished Creatures
  A water moccasin skeleton (D:5)
  A gnoll shaman (D:5)
  An orc wizard (D:5)
  3 orcs (D:5)
6 creatures vanquished.

Notes
Turn   | Place    | Note
-------+----------+-------------------------------------------
     0 | D:5      | robertstho the Troll Delver began the quest for the Orb.
     0 | D:5      | Reached XP level 1. HP: 22/22 MP: 0/0
    84 | D:5      | Reached XP level 2. HP: 5/29 MP: 1/1
    84 | D:5      | Reached XP level 3. HP: 7/36 MP: 2/2
   193 | D:5      | Reached XP level 4. HP: 23/45 MP: 3/3
   241 | D:5      | Slain by a gnoll

Illustrated notes

Levels and vault maps discovered:
D:5:      layout_loops_corners, chequers_temple_overflow_statue_of_worship,
          gammafunk_ghost_abyssal_escape, uniq_edmund

Skill      XL: |  1  2  3 |
---------------+----------+-----
Stealth        | 3 |  3.5
Fighting       | 3 |  3.1
Dodging        | |  1.7
Unarmed Combat | |  2.4

Action                   |  1- 3 |  4- 6 || total
-------------------------+-------+-------++-------
Melee: Unarmed           |    26 |     9 ||    35
       Punch             |     1 |       ||     1
Armor: Robe              |     7 |     1 ||     8
Dodge: Dodged            |     7 |     2 ||     9

Table legend: (Time is in decaauts)
 A = Elapsed time spent in this place.
 B = Non-inter-level travel time spent in this place.
 C = Inter-level travel time spent in this place.
 D = Time resting spent in this place.
 E = Time spent auto-exploring this place.
 F = Levels seen in this place.
 G = Mean time per level.
                   A        B        C        D        E       F      G
               +--------+--------+--------+--------+--------+-----+--------+
         Total |    239 |    239 |      0 |     26 |    157 |   1 |  239.0 |
       Dungeon |    239 |    239 |      0 |     26 |    157 |   1 |  239.0 |
               +--------+--------+--------+--------+--------+-----+--------+

Top non-repeatable levels by time:
     D:5: 239 daAuts
